Description

This is a slightly safer build variant also allows attack the terran base.

Replay - Neeb v uThermal: Game 2 - Frost LE

Build Order

Get SALT Encoding   

  12  0:00  Probe (Chrono Boost)  
  13  0:11  Probe (Chrono Boost)  
  14  0:18  Pylon  
  14  0:22  Probe (Chrono Boost)  
  15  0:36  Probe (Chrono Boost), Gateway  
  16  0:47  Probe (Chrono Boost)  
  16  0:48  Assimilator  
  17  0:57  Probe (Chrono Boost)  
  18  1:08  Probe (Chrono Boost)  
  19  1:17  Nexus  
  19  1:21  Probe (Chrono Boost)  
  20  1:31  Cybernetics Core  
  20  1:34  Probe (Chrono Boost)  
  20  1:39  Assimilator  
  21  1:44  Probe (Chrono Boost)  
  22  1:49  Pylon  
  22  1:55  Probe (Chrono Boost)  
  23  2:04  Adept  
  23  2:07  Warp Gate  
  26  2:08  Probe (Chrono Boost)  
  26  2:21  Probe (Chrono Boost)  
  27  2:24  Stargate  
  27  2:28  Adept  
  27  2:31  Probe (Chrono Boost)  
  27  2:33  Probe (Chrono Boost)  
  31  2:42  Probe (Chrono Boost)  
  33  2:45  Probe (Chrono Boost)  
  33  2:53  Adept, Probe (Chrono Boost)  
  33  2:57  Probe (Chrono Boost)  
  37  3:03  Probe (Chrono Boost)  
  38  3:07  Pylon  
  38  3:08  Oracle  
  38  3:09  Probe (Chrono Boost)  
  39  3:14  Probe (Chrono Boost)  
  39  3:19  Pylon  
  44  3:21  Probe (Chrono Boost)  
  44  3:24  Probe (Chrono Boost)  
  45  3:33  Probe (Chrono Boost)  
  46  3:35  Probe (Chrono Boost)  
  47  3:42  Oracle  
  47  3:43  Gateway  
  47  3:44  Gateway  
  47  3:45  Probe (Chrono Boost)  
  47  3:47  Mothership Core (Chrono Boost)  
  53  3:56  Probe (Chrono Boost)  
  54  4:04  Pylon  
  54  4:06  Probe (Chrono Boost)  
  54  4:07  Probe (Chrono Boost)  
  56  4:11  Adept  
  56  4:17  Probe (Chrono Boost)  
  56  4:19  Probe (Chrono Boost)  
  53  4:24  Phoenix  
  53  4:27  Probe (Chrono Boost)  
  56  4:32  Adept  
  57  4:39  Probe (Chrono Boost)  
  57  4:40  Probe (Chrono Boost)  
  57  4:44  Assimilator  
  58  4:45  Assimilator  
  58  4:50  Probe (Chrono Boost)  
  58  4:52  Probe (Chrono Boost)  
  60  4:54  Nexus  
  60  4:55  Pylon, Phoenix  
  62  5:00  Probe (Chrono Boost)  
  62  5:04  Pylon, Probe (Chrono Boost)  
  64  5:11  Probe (Chrono Boost)  
  64  5:16  Probe (Chrono Boost)  
  64  5:17  Phoenix  
  67  5:22  Adept  
  65  5:34  Probe (Chrono Boost)  
  64  5:36  Probe (Chrono Boost)  
  64  5:39  Phoenix  
  66  5:51  Probe (Chrono Boost)  
  66  5:53  Probe (Chrono Boost)  
  64  6:02  Probe (Chrono Boost)  
  63  6:05  Probe (Chrono Boost), Phoenix  
  63  6:08  Probe (Chrono Boost)  
  66  6:12  Probe (Chrono Boost)  
  66  6:17  Probe (Chrono Boost)  
  69  6:18  Probe (Chrono Boost)  
  69  6:23  Probe (Chrono Boost)  
  70  6:27  Phoenix  
  70  6:29  Probe x2 (Chrono Boost)  
  74  6:33  Probe (Chrono Boost)  
  74  6:35  Forge  
  74  6:38  Twilight Council  
  74  6:39  Probe (Chrono Boost)  
  77  6:41  Probe (Chrono Boost)  
  77  6:42  Pylon  
  77  6:44  Probe (Chrono Boost)  
  78  6:47  Pylon  
  78  6:50  Probe (Chrono Boost)  
  78  6:53  Robotics Facility, Probe (Chrono Boost)  
  80  6:54  Probe (Chrono Boost)  
  80  6:56  Adept  
  80  6:57  Adept  
  80  6:59  Adept  
  80  7:00  Protoss Ground Weapons Level 1, Probe (Chrono Boost)  
  88  7:05  Resonating Glaives, Probe x2 (Chrono Boost)  
  90  7:11  Probe (Chrono Boost)  
  90  7:12  Pylon  
  92  7:16  Probe (Chrono Boost)  
  92  7:17  Probe (Chrono Boost)  
  94  7:23  Pylon  
  94  7:27  Gateway  
  94  7:29  Gateway  
  93  7:38  Gateway  
  93  7:39  Gateway  
  93  7:41  Adept x2  
  93  7:42  Gateway  
  97  7:45  Warp Prism  
  99  8:04  Adept  
  99  8:05  Adept x2  
  105  8:08  Phoenix  
  105  8:09  Gateway  
  105  8:10  Gateway  
  105  8:11  Pylon  
  107  8:16  Photon Cannon, Pylon  
  107  8:23  Observer  
  108  8:33  Adept x2  
  108  8:34  Adept  
  96  8:44  Adept  
  96  8:45  Adept x4  
  100  8:55  Immortal  
  91  8:58  Adept x3  
  97  9:10  Adept x4  
  97  9:11  Adept x2  
  97  9:12  Sentry  
  111  9:17  Nexus  
  111  9:19  Probe (Chrono Boost)  
  111  9:20  Probe x2 (Chrono Boost), Assimilator  
  111  9:24  Assimilator  
  111  9:36  Stalker x4  
  111  9:37  Stalker  
  119  9:40  Stalker x2  
  113  9:59  Adept x2  
Spawning Tool Build Advisor. Get it on Overwolf

Analysis

as a good transition you can forge a second and continue the improvements. Then added a second robotics and robotics bay and creates colossi and extended thermal lance.

Go to:

Details

  • Created by: Zeruell
  • Published on: Sep 15, 2016
  • Modified on: Sep 15, 2016
  • Patch: Pre-3.8.0
Show
View Real Time Build Order
Export as new Build Order

Comments (1)

On May 1, 2017, 10:42 a.m., StoicLoofah  said:

Question (paraphrased) from a user sent via our feedback email:

How do you handle early harass? I followed it step by step and didn't have any units when two reapers hit me

Create an account to comment!